 Dungeon Crawl Stone Soup version 0.27.0-1-g7a089689b8 (webtiles) character file.

Game seed: 15927134096081302527

477 GordonOverkill the Magician (level 6, -9/28 HPs)
             Began as a Felid Necromancer on Aug 3, 2021.
             Mangled by a wyvern zombie (12 damage)
             ... in an ossuary.
             The game lasted 00:15:13 (9837 turns).

GordonOverkill the Magician (Felid Necromancer)     Turns: 9837, Time: 00:15:13

Health: -9/28      AC:  2    Str:  4    XL:     6   Next: 85%
Magic:  2/13       EV: 17    Int: 19    God:
Gold:   210        SH:  0    Dex: 16    Spells: 5/13 levels left
                                        Lives:  0   Deaths: 2

rFire    + . .     SeeInvis +   (weapon unavailable)
rCold    . . .     Faith    .   (shield unavailable)
rNeg     . . .     Spirit   .   (armour unavailable)
rPois    .         Reflect  .   (helmet unavailable)
rElec    .         Harm     .   (cloak unavailable)
rCorr    .         Rampage  .   (gloves unavailable)
Will     .....                  (boots unavailable)
Stlth    ++........             (no amulet)
HPRegen  0.09/turn              g - ring of protection from fire
MPRegen  0.13/turn              (no ring)

@: quick
A: very small, claws 1, fangs 3, see invisible, speed 1, shaggy fur 2, stealthy
paws, no weapons or thrown items, no armour, multi-lived
a: no special abilities


You were in an ossuary.
You visited 1 branch of the dungeon, and saw 5 of its levels.
You also visited: Ossuary.

You collected 210 gold pieces.

Inventory:

Jewellery
 g - a ring of protection from fire (left paw)
 i - a ring of willpower
Scrolls
 a - a scroll of identify
 b - 3 scrolls of teleportation
 d - a scroll of summoning
 f - 2 scrolls of magic mapping
 h - a scroll of enchant armour
 m - a scroll of noise {unknown}
 n - a scroll of immolation {unknown}
Potions
 j - a potion of might
 l - a potion of mutation


   Skills:
 + Level 3.1 Fighting
 - Level 2.6 Dodging
 - Level 2.6 Stealth
 + Level 4.1 Spellcasting
 + Level 3.1 Conjurations
 - Level 4.0 Necromancy
 + Level 3.1 Fire Magic
 + Level 4.1 Air Magic


You had 5 spell levels left.
You knew the following spells:

 Your Spells              Type           Power      Damage    Failure   Level
a - Pain                  Necr           76%        1d7       2%          1
b - Vampiric Draining     Necr           9%         2d7       8%          3
c - Foxfire               Conj/Fire      60%        2x1d7     3%          1
d - Mephitic Cloud        Conj/Pois/Air  13%        N/A       16%         3

Your spell library contained the following spells:

 Spells                   Type           Power      Damage    Failure   Level
 Animate Skeleton         Necr           38%        N/A       2%          1
 Magic Dart               Conj           60%        1d6       3%          1
 Conjure Flame            Conj/Fire      15%        6-21      11%         3
 Apportation              Tloc           6%         N/A       14%         1
 Corona                   Hex            3%         N/A       14%         1
 Summon Small Mammal      Summ           12%        N/A       14%         1
 Call Imp                 Summ           3%         N/A       21%         2
 Inner Flame              Hex/Fire       9%         N/A       22%         3
 Animate Dead             Necr           9%         N/A       26%         4
 Agony                    Necr           19%        N/A       58%         5
 Blade Hands              Tmut           1%         N/A       98%         5
 Portal Projectile        Hex/Tloc       Unusable   N/A       N/A         3
 Excruciating Wounds      Necr           Unusable   N/A       N/A         5

Dungeon Overview and Level Annotations

Branches:
Dungeon (5/15)            Ossuary (1/1)
 Temple: D:4-7

Altars:
Gozag
Wu Jian

Annotations:
D:3 Ijyb
D:5 Dowan, Duvessa


Innate Abilities, Weirdness & Mutations

You have sharp claws.
You have razor-sharp teeth.
You have supernaturally acute eyesight. (SInv)
You cover ground quickly. (Speed+)
You are covered in thick fur. (AC +2)
Your paws help you pounce on unaware monsters.
You are incapable of wielding weapons or throwing items.
You cannot wear armour.
You gain extra lives every three experience levels.


Message History

Casting: Foxfire (safe; 3% risk of failure)
Confirm with . or Enter, or press ? or * to list all spells.
You conjure some foxfire!
The foxfire hits the killer bee zombie.
You destroy the killer bee zombie!
The foxfire hits the wyvern zombie.
The wyvern zombie is lightly damaged.
Casting: Foxfire (safe; 3% risk of failure)
Confirm with . or Enter, or press ? or * to list all spells.
You conjure some foxfire!
The foxfire hits the wyvern zombie.
The wyvern zombie is lightly damaged.
The foxfire hits the wyvern zombie.
The wyvern zombie is moderately damaged.
The wyvern zombie bites you!
* * * LOW HITPOINT WARNING * * *
The wyvern zombie closely misses you.
Casting: Foxfire (safe; 3% risk of failure)
Confirm with . or Enter, or press ? or * to list all spells.
You conjure some foxfire!
The foxfire hits the wyvern zombie but does no damage.
The wyvern zombie is moderately damaged.
The foxfire hits the wyvern zombie.
The wyvern zombie is moderately damaged.
The wyvern zombie bites you!
* * * LOW HITPOINT WARNING * * *
Okay, then.
Casting: Foxfire (safe; 3% risk of failure)
Confirm with . or Enter, or press ? or * to list all spells.
You conjure some foxfire!
The foxfire hits the wyvern zombie!
The wyvern zombie is heavily damaged.
The foxfire hits the wyvern zombie.
The wyvern zombie is heavily damaged.
The wyvern zombie barely misses you.
Casting: Foxfire (safe; 3% risk of failure)
Confirm with . or Enter, or press ? or * to list all spells.
You conjure some foxfire!
The foxfire hits the wyvern zombie.
The wyvern zombie is heavily damaged.
The foxfire hits the wyvern zombie.
The wyvern zombie is severely damaged.
The wyvern zombie bites you!
You die...
ZM

#.# '≈# # #.# #≈'.#
#M #.# #≈#≈ Z.' '.'
'≈' #Z# #.#####.###
'.# #.#∩v.#.'.#
###.' #.#@Z.'.###
.'.# #.#.v.#.'.#
###.#####.#####.###
#.'.............'.#
###Z#'#'#+#'#'#'###
#.#.#.# .#.#.#
####### # ###


You could see a wyvern zombie (ally target).

Vanquished Creatures
  A sky beast (D:5)
  A necrophage (D:3)
  A scorpion (D:5)
  3 centaur zombies
  3 bullfrog zombies (Ossuary)
  An orc priest (D:3)
  2 hounds (D:4)
  2 iguanas
  An orc wizard (D:3)
  3 killer bee zombies (Ossuary)
  9 mummies (Ossuary)
  A hound skeleton (D:4)
  2 adders
  3 worms
  2 dart slugs
  9 orcs
  7 endoplasms
  3 giant cockroaches
  4 goblins
  4 hobgoblins
  5 jackals (D:2)
  3 quokkas (D:1)
  5 ball pythons
  6 bats
  3 frilled lizards
  8 kobolds
  4 rats
96 creatures vanquished.

Vanquished Creatures (others)
  An orc (D:3)
  424 foxfires
  6 withered plants (Ossuary)
431 creatures vanquished.

Grand Total: 527 creatures vanquished

Notes
Turn   | Place    | Note
-------+----------+-------------------------------------------
     0 | D:1      | GordonOverkill the Felid Necromancer began the quest for
                  | the Orb.
     0 | D:1      | Reached XP level 1. HP: 7/7 MP: 4/4
   779 | D:1      | Reached skill level 1 in Fighting
   870 | D:1      | Reached XP level 2. HP: 9/12 MP: 1/6
  2004 | D:2      | Reached XP level 3. HP: 4/16 MP: 0/8
  2008 | D:2      | Learned a level 3 spell: Vampiric Draining
  3496 | D:3      | Found an opulent altar of Gozag.
  3533 | D:3      | Noticed Ijyb
  3922 | D:3      | Learned a level 1 spell: Foxfire
  4801 | D:3      | Reached XP level 4. HP: 19/20 MP: 7/9
  5186 | D:3      | Reached skill level 1 in Conjurations
  5364 | D:3      | Reached skill level 1 in Fire Magic
  5937 | D:3      | Found an opulent altar of Gozag.
  6062 | D:3      | HP: 1/20 [orc priest/divine providence (14)]
  6069 | D:3      | Killed from afar by an orc priest
  6070 | D:3      | Reached XP level 3. HP: -4/16 MP: 1/8
  6266 | D:3      | Reached XP level 4. HP: 20/20 MP: 6/9
  6423 | D:3      | Found an opulent altar of Gozag.
  7128 | D:4      | Noticed a necrophage
  7178 | D:3      | Killed a necrophage
  7179 | D:3      | Reached XP level 5. HP: 21/24 MP: 1/11
  7955 | D:4      | Found an ornate altar of the Wu Jian Council.
  8269 | D:4      | Gained mutation: You are covered in thick fur. (AC +2)
                  | [Felid growth]
  8269 | D:4      | Reached XP level 6. HP: 20/28 MP: 6/12
  8273 | D:4      | Learned a level 3 spell: Mephitic Cloud
  8727 | D:5      | Entered Level 5 of the Dungeon
  8859 | D:5      | Noticed a sky beast
  8882 | D:5      | Killed a sky beast
  8960 | D:5      | Noticed Duvessa
  8969 | D:5      | Noticed Dowan
  8986 | D:4      | Reached skill level 1 in Air Magic
  9205 | D:5      | Found a sand-covered staircase.
  9210 | Ossuary  | Entered an ossuary
  9222 | Ossuary  | Reached XP level 7. HP: 31/31 MP: 5/14
  9662 | Ossuary  | Slain by a killer bee zombie
  9663 | Ossuary  | Reached XP level 6. HP: 0/28 MP: 2/13
  9837 | Ossuary  | Mangled by a wyvern zombie

Illustrated notes

Levels and vault maps discovered:
D:1:      dpeg_chamrin_arrival_tetris, layout_rooms
D:2:      layout_basic
D:3:      layout_rooms, grunt_gozag_breadcrumbs, minmay_statues_item,
          minmay_vboxes, uniq_ijyb
D:4:      cheibrodos_helix_gallery, layout_basic,
          pdpol_wu_jian_five_deadly_venoms, kennysheep_flooded_box,
          due_unseen_surprise
D:5:      layout_loops_ring, enter_ossuary_2, uniq_duvessa
Ossuary:  ossuary_zaba_flooded

Skill      XL: |  1  2  3  4  5  6  7 |
---------------+----------------------+-----
Fighting       | 1 2 3 |  3.1
Spellcasting   | 3 4 |  4.1
Conjurations   | 2 3 |  3.1
Fire Magic     | 2 3 |  3.1
Air Magic      | 2 4 |  4.1
Dodging        | |  2.6
Stealth        | |  2.6
Necromancy     | |  4.0

Action                   |  1- 3 |  4- 6 |  7- 9 || total
-------------------------+-------+-------+-------++-------
Melee: Unarmed           |       |     7 |     3 ||    10
 Cast: Pain              |    88 |    45 |       ||   133
       Foxfire           |    41 |   147 |    54 ||   242
       Vampiric Draining |       |    11 |       ||    11
  Use: Potion            |       |     3 |       ||     3
       Scroll            |       |     8 |       ||     8
 Stab: Sleeping          |       |     1 |       ||     1
Armor: Skin              |     2 |     4 |     3 ||     9
Dodge: Dodged            |    29 |    81 |    39 ||   149
